 Dungeon Sprint DCSS version 0.28-a0-8-g6e044cfa68 (webtiles) character file.

Game seed: 4416022607395515541

90748 mhtbhm the Minotaur Cataclysm (level 15, -9/152 HPs)
             Began as a Minotaur Fighter on July 24, 2021.
             Was a High Priest of Qazlal.
             Mangled by Cerebov (29 damage)
             ... in the Dungeon (Sprint VII: "The Pits").
             The game lasted 00:11:10 (4743 turns).

mhtbhm the Minotaur Cataclysm (Minotaur Fighter)    Turns: 4743, Time: 00:11:11

Health: -9/152     AC: 34    Str: 26    XL:     15   Next: 53%
Magic:  12/30      EV: 12    Int:  5    God:    Qazlal [*****.]
Gold:   40         SH: 38    Dex: 11    Spells: 14/14 levels left

rFire   + + .      SeeInvis .   a - +2 war axe (freeze)
rCold   . . .      Faith    .   c - +1 tower shield
rNeg    . . .      Spirit   .   b - +2 gold dragon scales
rPois   +          Reflect  +   (helmet restricted)
rElec   .          Harm     .   n - +0 cloak {rCorr}
rCorr   +          Rampage  .   D - +1 pair of gloves
Will    +....      NoTele   +   C - +1 pair of boots
Stlth   ..........              x - amulet of reflection
HPRegen 0.35/turn               y - ring of fire
MPRegen 0.22/turn               p - +3 ring of evasion

@: protected from physical damage, on berserk cooldown, hasted and slowed,
studying Short Blades, repel missiles
A: horns 2, retaliatory headbutt, subdued magic 1
a: Renounce Religion, Upheaval, Elemental Force, Disaster Area


You were in the Dungeon.
You worshipped Qazlal.
Qazlal was extremely pleased with you.
You visited 1 branch You collected 40 gold pieces.

Inventory:

Hand Weapons
 a - a +2 war axe of freezing (weapon)
Armour
 b - +2 gold dragon scales (worn)
 c - a +1 tower shield (worn)
 n - a +0 cloak of preservation (worn)
 C - a +1 pair of boots (worn)
 D - a +1 pair of gloves (worn)
Jewellery
 p - a +3 ring of evasion (right hand)
 w - a ring of willpower
 x - an amulet of reflection (around neck)
 y - a ring of fire (left hand)
 B - the amulet "Igguv" {Spirit rC+}
   (You took it off Nikola in the Dungeon)

   [amulet of guardian spirit]

   It causes incoming damage to be divided between your reserves of health and
   magic.
   rC:        It protects you from cold.
Wands
 o - a wand of paralysis (5)
Scrolls
 j - 3 scrolls of blinking
 l - 5 scrolls of amnesia
 m - a scroll of summoning
 t - 4 scrolls of fog
 u - 2 scrolls of identify
Potions
 e - 9 potions of curing
 g - a potion of haste
 h - 4 potions of magic
 i - 2 potions of berserk rage
 k - a potion of invisibility
 q - 3 potions of brilliance
 v - a potion of mutation
 A - a potion of lignification
Miscellaneous
 z - a condenser vane


   Skills:
 + Level 19.0 Fighting
 + Level 21.5 Axes
 + Level 17.8 Armour
 + Level 10.9 Dodging
 + Level 2.4 Stealth
 + Level 24.3 Shields
 * Level 24.5 Invocations
 + Level 1.1 Evocations


You had 14 spell levels left.
You didn't know any spells.
Your spell library contained the following spells:

 Spells                   Type           Power      Damage    Failure   Level
 Portal Projectile        Hex/Tloc       0%         N/A       100%        3
 Blade Hands              Tmut           0%         N/A       100%        5
 Excruciating Wounds      Necr           0%         N/A       100%        5
 Fireball                 Conj/Fire      0%         3d3       100%        5
 Manifold Assault         Tloc           0%         N/A       100%        5
 Fire Storm               Conj/Fire      0%         5d1       100%        9


Dungeon Overview and Level Annotations

Branches:
Dungeon (1/1)

Altars:
Ashenzari
Cheibriados
Dithmenos
Elyvilon
Fedhas
Gozag
Hepliaklqana
Kikubaaqudgha
Makhleb
Nemelex Xobeh
Okawaru
Qazlal
Ru
Sif Muna
Trog
Uskayaw
Vehumet
Wu Jian
Xom
Yredelemnul
Zin
The Shining One
Beogh
Jiyva
Lugonu

Annotations:
D Cerebov


Innate Abilities, Weirdness & Mutations

You have a pair of horns on your head.
You reflexively headbutt those who attack you in melee.
Your spells are a little easier to cast, but a little less powerful.


Message History

You barely miss Cerebov. You headbutt Cerebov, but do no damage.
Cerebov is lightly wounded.
Cerebov hits you but does no damage.
You barely miss Cerebov. You headbutt Cerebov, but do no damage.
Cerebov is lightly wounded.
You block Cerebov's attack.
You slice Cerebov!! You freeze Cerebov!
Cerebov is moderately wounded.
You are no longer berserk.
You are exhausted.
You feel yourself slow down.
You barely miss Cerebov.
Cerebov is moderately wounded.
You feel less vulnerable to fire.
Cerebov gestures.
You block Cerebov's attack.
You slice Cerebov!! You freeze Cerebov!
Cerebov is moderately wounded.
You hit the Brimstone Fiend. You freeze the Brimstone Fiend.
You barely miss the balrug. You hit the balrug but do no damage.
You block Cerebov's attack.
Unknown command.
Nature churns violently around you!
The blast of ice hits the balrug!!!
The balrug is frozen!
The balrug is severely wounded.
The balrug is flash-frozen.
The blast of ice hits the Brimstone Fiend!!
The Brimstone Fiend is frozen!
The Brimstone Fiend is almost dead.
The Brimstone Fiend is flash-frozen.
You hear a shout!
Something gurgles, "Return whence thou came before doom catcheth thee!"
You hear a shout!
The balrug hits you with a +0 demon whip.
* * * LOW HITPOINT WARNING * * *
You are engulfed in flames!
You resist.
* * * LOW HITPOINT WARNING * * *
You block the balrug's attack.
You block the Brimstone Fiend's attack. x3
Cerebov hits you with the +6 sword of Cerebov {flame}!!
You die...

## ##. #.1§
#&### ###
#@1###.##
#22.#...#
##.##'.#
#≈#.#'#
##§###)##
+.§.#...#
##§≈#'.###+#
###[#'# #*#
###.###+#


You could see Cerebov (fast), 2 Brimstone Fiends and 2 balrugs.

Vanquished Creatures
  An ancient lich (D)
  2 pandemonium lords (D)
  A juggernaut (D)
  A Killer Klown (D)
  Margery (D)
  the Lernaean hydra (D)
  A golden dragon (D)
  Nikola (D)
  A Brimstone Fiend (D)
  An Ice Fiend (D)
  A deep elf blademaster (D)
  A titan (D)
  A shadow dragon (D)
  A storm dragon (D)
  An azure jelly (D)
  A frost giant (D)
  A balrug (D)
  A cacodemon (D)
  A ghost moth (D)
  2 orc warlords (D)
  A war gargoyle (D)
  A dire elephant (D)
  A minotaur (D)
  A merfolk javelineer (D)
  An ettin (D)
  6 vault guards (D)
  A hydra (D)
  A boulder beetle (D)
  A dancing weapon (D)
  A two-headed ogre (D)
  An alligator (D)
  A death yak (D)
  An orc high priest (D)
  3 hell knights (D)
  3 deep elf knights (D)
  A fire crab (D)
  A sun demon (D)
  A shadow wraith (D)
  A bog body (D)
  A deep elf archer (D)
  A deep troll (D)
  2 swamp dragons (D)
  A deep elf pyromancer (D)
  A necromancer (D)
  An ugly thing (D)
  2 deep elf zephyrmancers (D)
  11 orc knights (D)
  2 cyclopes (D)
  2 rust devils (D)
  Maurice (D)
  A smoke demon (D)
  A cane toad (D)
  A freezing wraith (D)
  2 ice devils (D)
  A hellwing (D)
  A red devil (D)
  3 wandering mushrooms (D)
  3 merfolk (D)
  A hornet (D)
  5 dream sheep (D)
  A shadow (D)
  A redback (D)
  An air elemental (D)
  A fire bat (D)
  A steam dragon (D)
  A wraith (D)
  Grum (D)
  2 neqoxecs (D)
  2 vampire mosquitoes (D)
  A floating eye (D)
  3 orc warriors (D)
  An ice beast (D)
  A sky beast (D)
  3 centaurs (D)
  2 ogres (D)
  7 wolves (D)
  2 scorpions (D)
  6 killer bees (D)
  A quasit (D)
  2 orc priests (D)
  Crazy Yiuf (D)
  An orc wizard (D)
  3 hell rats (D)
  A gnoll (D)
  2 ufetubi (D)
  6 orcs (D)
  An endoplasm (D)
  2 giant cockroaches (D)
  A goblin (D)
  A hobgoblin (D)
  5 jackals (D)
  2 kobolds (D)
  A quokka (D)
  A ball python (D)
  2 frilled lizards (D)
  A jackal simulacrum (D)
  A jackal zombie (D)
  A rat (D)
167 creatures vanquished.

Vanquished Creatures (others)
  2 deep elf pyromancers (D)
  A chaos spawn (D)
  A river rat (D)
4 creatures vanquished.

Grand Total: 171 creatures vanquished

Notes
Turn   | Place    | Note
-------+----------+-------------------------------------------
     0 | D        | mhtbhm the Minotaur Fighter began the quest for the Orb.
     0 | D        | Reached XP level 1. HP: 19/19 MP: 0/0
    18 | D        | Found a bloodstained altar of Trog.
    18 | D        | Found a shimmering blue altar of Sif Muna.
    18 | D        | Found a viscous altar of Jiyva.
    18 | D        | Found a hazy altar of Hepliaklqana.
    18 | D        | Found an opulent altar of Gozag.
    19 | D        | Found a glowing golden altar of the Shining One.
    19 | D        | Found a glowing silver altar of Zin.
    19 | D        | Found a basalt altar of Yredelemnul.
    19 | D        | Found a shimmering altar of Xom.
    19 | D        | Found an ornate altar of the Wu Jian Council.
    19 | D        | Found a sacrificial altar of Ru.
    19 | D        | Found a stormy altar of Qazlal.
    19 | D        | Found an iron altar of Okawaru.
    19 | D        | Found a sparkling altar of Nemelex Xobeh.
    19 | D        | Found a burning altar of Makhleb.
    19 | D        | Found a blossoming altar of Fedhas.
    19 | D        | Found a white marble altar of Elyvilon.
    19 | D        | Found a shadowy altar of Dithmenos.
    19 | D        | Found a snail-covered altar of Cheibriados.
    21 | D        | Found a radiant altar of Vehumet.
    21 | D        | Found a corrupted altar of Lugonu.
    22 | D        | Found a hide-covered altar of Uskayaw.
    22 | D        | Found an ancient bone altar of Kikubaaqudgha.
    22 | D        | Found a broken altar of Ashenzari.
    30 | D        | Became a worshipper of Qazlal Stormbringer
    68 | D        | Noticed a scorpion
    71 | D        | Killed a scorpion
    72 | D        | Reached skill level 5 in Shields
    72 | D        | Reached XP level 2. HP: 26/30 MP: 1/1
    72 | D        | Reached XP level 3. HP: 32/37 MP: 2/2
   114 | D        | Reached * piety under Qazlal
   126 | D        | Reached ** piety under Qazlal
   127 | D        | Reached XP level 4. HP: 43/44 MP: 3/3
   271 | D        | Noticed a wolf
   271 | D        | Noticed a floating eye
   279 | D        | Noticed Crazy Yiuf
   283 | D        | Paralysed by a floating eye for 4 turns
   291 | D        | Killed a wolf
   292 | D        | Reached skill level 5 in Axes
   292 | D        | Reached skill level 1 in Dodging
   292 | D        | Reached XP level 5. HP: 38/52 MP: 4/4
   292 | D        | Paralysed by a floating eye for 4 turns
   296 | D        | Reached *** piety under Qazlal
   299 | D        | Paralysed by a floating eye for 4 turns
   305 | D        | Paralysed by a floating eye for 2 turns
   312 | D        | Paralysed by a floating eye for 4 turns
   318 | D        | Killed Crazy Yiuf
   318 | D        | Reached **** piety under Qazlal
   322 | D        | Killed a floating eye
   323 | D        | Reached XP level 6. HP: 31/61 MP: 1/5
   516 | D        | Reached ***** piety under Qazlal
   671 | D        | Noticed a deep troll
   671 | D        | Noticed a cyclops
   683 | D        | Killed a cyclops
   684 | D        | Reached skill level 10 in Axes
   684 | D        | Reached skill level 10 in Armour
   684 | D        | Reached skill level 10 in Shields
   684 | D        | Reached XP level 7. HP: 49/68 MP: 5/8
   694 | D        | Killed a deep troll
   695 | D        | Reached skill level 5 in Invocations
   695 | D        | Reached XP level 8. HP: 41/75 MP: 6/10
   978 | D        | Noticed Grum
   990 | D        | Killed Grum
   994 | D        | Noticed a cyclops
   997 | D        | Noticed a red devil
  1001 | D        | Killed a cyclops
  1011 | D        | Killed a red devil
  1011 | D        | Reached ****** piety under Qazlal
  1012 | D        | Reached XP level 9. HP: 25/83 MP: 11/13
  1264 | D        | Noticed a bog body
  1264 | D        | Noticed a freezing wraith
  1271 | D        | Killed a freezing wraith
  1278 | D        | Killed a bog body
  1502 | D        | Noticed a hellwing
  1515 | D        | Killed a hellwing
  1534 | D        | Noticed a deep elf pyromancer
  1546 | D        | Killed a deep elf pyromancer
  1547 | D        | Reached skill level 10 in Fighting
  1547 | D        | Reached XP level 10. HP: 93/93 MP: 15/15
  1555 | D        | Noticed a smoke demon
  1558 | D        | Noticed a sun demon
  1562 | D        | Killed a smoke demon
  1565 | D        | Noticed a deep elf pyromancer
  1569 | D        | Killed a sun demon
  1570 | D        | Reached skill level 5 in Dodging
  1582 | D        | Killed a deep elf pyromancer
  1583 | D        | Reached skill level 15 in Axes
  1823 | D        | Noticed a swamp dragon
  1829 | D        | Noticed Maurice
  1830 | D        | Noticed an orc high priest
  1835 | D        | Reached skill level 15 in Shields
  1843 | D        | Killed a swamp dragon
  1844 | D        | Reached skill level 10 in Invocations
  1844 | D        | Noticed a sun demon
  1844 | D        | Noticed a sixfirhy
  1849 | D        | Noticed a death yak
  1850 | D        | Reached XP level 11. HP: 50/102 MP: 9/17
  1850 | D        | Killed an orc high priest
  1868 | D        | Killed a death yak
  2038 | D        | Killed Maurice
  2064 | D        | Noticed a two-headed ogre
  2078 | D        | Killed a two-headed ogre
  2127 | D        | Noticed a boulder beetle
  2139 | D        | Killed a shadow wraith
  2153 | D        | Killed a boulder beetle
  2261 | D        | Noticed an alligator
  2261 | D        | Noticed a five-headed hydra
  2262 | D        | Identified the amulet "Igguv" {Spirit rC+}
  2262 | D        | Noticed Nikola
  2262 | D        | Noticed a cacodemon
  2262 | D        | Noticed a +3 vampiric short sword
  2262 | D        | Killed a +3 vampiric short sword
  2262 | D        | Noticed a swamp dragon
  2264 | D        | Killed a seven-headed hydra
  2265 | D        | Reached XP level 12. HP: 115/115 MP: 12/20
  2266 | D        | Killed an alligator
  2274 | D        | Gained mutation: Your spells are a little easier to cast,
                  | but a little less powerful. [a cacodemon]
  2276 | D        | Killed a cacodemon
  2290 | D        | Killed Nikola
  2324 | D        | Got the Volume of the Playwright
  2536 | D        | Noticed an orc warlord
  2536 | D        | Noticed an orc warlord
  2536 | D        | Noticed a vault guard
  2537 | D        | Noticed a vault guard
  2537 | D        | Noticed a minotaur
  2537 | D        | Noticed a deep elf blademaster
  2538 | D        | Noticed a merfolk javelineer
  2538 | D        | Noticed a vault guard
  2538 | D        | Noticed a vault guard
  2539 | D        | Noticed a vault guard
  2540 | D        | Killed an orc warlord
  2540 | D        | Killed a vault guard
  2541 | D        | Reached skill level 15 in Invocations
  2541 | D        | Killed a vault guard
  2541 | D        | Killed a deep elf blademaster
  2541 | D        | Killed a minotaur
  2541 | D        | Noticed a vault guard
  2542 | D        | Reached skill level 15 in Fighting
  2542 | D        | Reached skill level 10 in Dodging
  2542 | D        | Reached XP level 13. HP: 73/127 MP: 7/24
  2542 | D        | Killed an orc warlord
  2542 | D        | Killed a merfolk javelineer
  2948 | D        | Noticed an ancient lich
  2965 | D        | Killed an ancient lich
  2966 | D        | Reached skill level 1 in Evocations
  2966 | D        | Reached XP level 14. HP: 90/138 MP: 26/26
  3210 | D        | Noticed Xarchint the pandemonium lord
  3226 | D        | Killed Xarchint the pandemonium lord
  3227 | D        | Reached skill level 15 in Armour
  3356 | D        | Killed a ghost moth
  3487 | D        | Noticed a Brimstone Fiend
  3493 | D        | HP: 5/138 [Brimstone Fiend/damnation (49)]
  3500 | D        | Killed a Brimstone Fiend
  3877 | D        | Noticed the 27-headed Lernaean hydra
  3893 | D        | Killed the 26-headed Lernaean hydra
  4133 | D        | Noticed a shadow dragon
  4133 | D        | Noticed a golden dragon
  4133 | D        | Noticed Wegetial the pandemonium lord
  4133 | D        | Noticed a storm dragon
  4133 | D        | Noticed a Killer Klown
  4134 | D        | Killed a storm dragon
  4134 | D        | Killed a golden dragon
  4134 | D        | Killed Wegetial the pandemonium lord
  4134 | D        | Killed a shadow dragon
  4134 | D        | Killed a Killer Klown
  4135 | D        | Reached XP level 15. HP: 148/148 MP: 20/29
  4185 | D        | Noticed an orb of fire
  4192 | D        | Noticed a Killer Klown
  4192 | D        | Noticed a juggernaut
  4192 | D        | a Killer Klown changed into a juggernaut
  4230 | D        | Killed a juggernaut
  4268 | D        | Noticed a frost giant
  4277 | D        | Killed a frost giant
  4280 | D        | Noticed a titan
  4292 | D        | Killed a titan
  4298 | D        | Noticed an Ice Fiend
  4321 | D        | Killed an Ice Fiend
  4324 | D        | Noticed Margery
  4339 | D        | Killed Margery
  4340 | D        | Reached skill level 1 in Stealth
  4668 | D        | Noticed an azure jelly
  4674 | D        | Killed an azure jelly
  4705 | D        | Found the +6 sword of Cerebov {flame}
  4705 | D        | Noticed Cerebov
  4708 | D        | Noticed a Brimstone Fiend
  4742 | D        | Noticed a Brimstone Fiend
  4743 | D        | Mangled by Cerebov

Illustrated notes

Levels and vault maps discovered:
D:        pitsprint [storerooms_1, entrance_room_1, metal_vault_6, armoury_3,
          mini_pit_1, grid_room_1, main_hall_1, silver_pit, the_coven_1,
          the_vestibule_1, steel_vault_3, golden_pit, hallway_of_sentries,
          crystal_vault_4, iron_vault_2, final_vault]

Skill      XL: |  1  2  3  4  5  6  7  8  9 10 11 12 13 14 15 |
---------------+----------------------------------------------+-----
Fighting       | 6 7 8 9 10 11 13 15 16 17 19 | 19.0
Axes           | 3 5 7 10 11 13 14 16 18 19 20 21 | 21.5
Armour         | 6 7 9 10 11 12 13 14 16 17 | 17.8
Shields        | 5 6 7 8 10 11 12 13 15 17 20 21 22 24 | 24.3
Dodging        | 1 2 3 4 6 8 10 | 10.9
Invocations    | 3 5 6 8 10 12 16 19 23 24 | 24.5
Evocations     | 1 |  1.1
Stealth        | 2 |  2.4

Action                   |  1- 3 |  4- 6 |  7- 9 | 10-12 | 13-15 || total
-------------------------+-------+-------+-------+-------+-------++-------
Melee: Hand axe          |    17 |    65 |    13 |       |       ||    95
       Headbutt          |     4 |    13 |    14 |    32 |    66 ||   129
       War axe           |     1 |       |    53 |   147 |   201 ||   402
Invok: Upheaval          |       |       |     1 |     2 |       ||     3
       Disaster Area     |       |       |       |     6 |    12 ||    18
Evoke: Condenser vane    |       |       |       |     1 |     1 ||     2
  Use: Potion            |       |     2 |     1 |     3 |    17 ||    23
       Scroll            |       |       |       |       |     1 ||     1
 Stab: Confused          |       |       |       |       |     3 ||     3
Armor: Scale mail        |     8 |     2 |    17 |    19 |       ||    46
       Plate armour      |       |    33 |    10 |       |       ||    43
       Gold dragon scale |       |       |       |       |    77 ||    77
Dodge: Dodged            |     6 |    13 |    19 |    39 |    23 ||   100
       Repelled          |       |       |     2 |       |     6 ||     8
Block: Kite shield       |    11 |    57 |    61 |   134 |     4 ||   267
       Tower shield      |       |       |       |       |   175 ||   175
       Reflection        |       |       |       |       |     2 ||     2

Table legend: (Time is in decaauts)
 A = Elapsed time spent in this place.
 B = Non-inter-level travel time spent in this place.
 C = Inter-level travel time spent in this place.
 D = Time resting spent in this place.
 E = Time spent auto-exploring this place.
 F = Levels seen in this place.
 G = Mean time per level.
                   A        B        C        D        E       F      G
               +--------+--------+--------+--------+--------+-----+--------+
         Total |   4687 |   4687 |      0 |   2880 |    147 |   1 | 4687.0 |
       Dungeon |   4687 |   4687 |      0 |   2880 |    147 |   1 | 4687.0 |
               +--------+--------+--------+--------+--------+-----+--------+

Top non-repeatable levels by time:
       D: 4687 daAuts
